 Dungeon Crawl Stone Soup version 0.23-a0-639-ga9a3373 (webtiles) character file.

1879 zishaf the Ruffian (level 8, -4/78 HPs)
             Began as a Troll Hunter on Dec 30, 2018.
             Was a Follower of Nemelex Xobeh.
             Hit by a javelin of penetration thrown by a gnoll (12 damage)
             ... on level 6 of the Dungeon.
             The game lasted 00:10:15 (4847 turns).

zishaf the Ruffian (Troll Hunter)                   Turns: 4847, Time: 00:10:15

Health: -4/78      AC:  8    Str: 21    XL:     8   Next: 91%
Magic:  8/8        EV: 11    Int:  7    God:    Nemelex Xobeh [*.....]
Gold:   252        SH:  8    Dex: 12    Spells: 7/9 levels left

rFire    . . .     SeeInvis +     - Unarmed
rCold    . . .     Gourm    +   H - +0 shield
rNeg     . . .     Faith    .   b - +0 robe
rPois    .         Spirit   .   (helmet restricted)
rElec    .         Reflect  .   l - +2 cloak
rCorr    .         Harm     .   (gloves unavailable)
MR       .....                  (boots unavailable)
Stlth    +.........             (no amulet)
HPRegen  0.63/turn              h - +2 ring of evasion
MPRegen  0.11/turn              z - ring of see invisible

@: lethally poisoned (-4 -> -13)
A: large, unfitting armour, claws 3, fast metabolism 3, gourmand, regeneration
1, shaggy fur 1, tough skin 2
a: Draw Escape, Draw Destruction, Draw Summoning, Renounce Religion


You were on level 6 of the Dungeon.
You worshipped Nemelex Xobeh.
Nemelex Xobeh was aware of your devotion.
You were completely stuffed.

You visited 1 branch of the dungeon, and saw 6 of its levels.

You collected 252 gold pieces.

Inventory:

Hand Weapons
 a - a +0 blowgun
 E - the +5 demon whip "Spellbinder" {antimagic, MR+}
   (You found it on level 5 of the Dungeon)

   It reduces the magical energy of the wielder, and disrupts the spells and
   magical abilities of those hit.
   Natural abilities and divine invocations are not affected.
   It affects your resistance to hostile enchantments.
Missiles
 c - 5 large rocks (quivered)
 d - 2 throwing nets {!f}
 q - 22 poisoned needles
 D - 29 arrows
 F - 6 curare-tipped needles
Armour
 b - a +0 robe (worn)
 l - a +2 cloak (worn)
 H - a +0 shield (worn)
Jewellery
 h - a +2 ring of evasion (left claw)
 n - a +3 ring of intelligence
 z - a ring of see invisible (right claw)
Wands
 u - a wand of flame (38)
 v - a wand of iceblast (15)
 x - a wand of enslavement (9)
Scrolls
 g - 2 scrolls of amnesia {unknown}
 j - 2 scrolls of enchant armour {unknown}
 k - 2 scrolls of magic mapping {unknown}
 m - a scroll of identify {unknown}
 p - a scroll of random uselessness {unknown}
 r - 4 scrolls of teleportation {unknown}
 y - 3 scrolls of remove curse {unknown}
Potions
 e - a potion of heal wounds
 i - a potion of haste
 o - a potion of agility
 s - a potion of cancellation {unknown}
 t - a potion of invisibility {unknown}
 w - a potion of brilliance {unknown}
 A - a potion of mutation {unknown}
 B - a potion of curing {unknown}
 C - a potion of degeneration {unknown}
 G - a potion of flight {unknown}
Comestibles
 f - 13 rations
 I - 7 chunks of flesh


   Skills:
 + Level 4.1 Fighting
 - Level 5.0 Throwing
 + Level 4.2 Dodging
 - Level 0.3 Stealth
 * Level 1.6 Shields
 + Level 6.4 Unarmed Combat
 - Level 1.0 Spellcasting
 - Level 3.1 Transmutations


You had 7 spell levels left.
You knew the following spells:

 Your Spells              Type           Power        Failure   Level  Hunger
a - Sticks to Snakes      Tmut           #.......     65%         2    ###....

Your spell library contained the following spells:

 Spells                   Type           Power        Failure   Level  Hunger
 Beastly Appendage        Tmut           #.....       50%         1    ##.....
 Confusing Touch          Hex            #.....       90%         1    ##.....
 Spider Form              Tmut/Pois      #.........   97%         3    ####...
 Confuse                  Hex            #.......     99%         3    ####...
 Gell's Gravitas          Tloc           #.........   99%         3    ####...
 Ice Form                 Ice/Tmut       #.......     100%        4    #####..
 Petrify                  Tmut/Erth      #.......     100%        4    #####..
 Blade Hands              Tmut           #.........   100%        5    ######.
 Metabolic Englaciation   Hex/Ice        #.........   100%        5    ######.
 Yara's Violent Unravell  Hex/Tmut       #.........   100%        5    ######.


Dungeon Overview and Level Annotations

Branches:
Dungeon (6/15)
 Temple: D:4-7

Altars:
Ashenzari
Cheibriados
Elyvilon
Nemelex Xobeh
Ru
Uskayaw
Vehumet
Wu Jian
Xom
Yredelemnul
Zin

Shops:
D:6 (


Innate Abilities, Weirdness & Mutations

You are too large for most types of armour.
You have claws for hands.
Your metabolism is lightning-fast.
You like to eat raw meat.
Your natural rate of healing is unusually fast.
You are covered in fur. (AC +1)
You have very tough skin. (AC +2)


Message History

The gnoll is severely wounded.
You feel sick. The gnoll hits you with a +0 club.
The gnoll hits you with a +0 whip!
* * * LOW HITPOINT WARNING * * *
The gnoll closely misses you. The gnoll hits you but does no damage.
You are more poisoned.
You claw the gnoll!
You kill the gnoll!
You feel very sick. The gnoll closely misses you. The gnoll misses you. x2
You feel sick.
The gnoll throws a javelin of penetration.
The javelin of penetration pierces through you!
* * * LOW HITPOINT WARNING * * *
* * * LOW HITPOINT WARNING * * *
You feel sick.
The gnoll throws a javelin of penetration.
The javelin of penetration pierces through you!
You die...
Your body glows slightly and disappears.

########################
.......................####
.............g.)..........##
.###.........g.g............
.# ###......###.@...........
^## ##.....# ##....†###...
..# ###...## ###..(# ..##
##...## ##..## ...## ##...#
##..## #...# ##..## ##..##
##..## ##..## ##..## ##..##
#...## ##..## ##..## ##...##
#...##


You could see 3 gnolls.

Vanquished Creatures
  A water moccasin (D:2)
  A sky beast (D:6)
  An orc warrior (D:5)
  A black bear (D:6)
  2 phantoms (D:6)
  2 centaurs
  6 killer bees
  2 howler monkeys (D:5)
  3 crimson imps
  3 jellies
  6 orc wizards
  A centaur skeleton (D:4)
  A bullfrog skeleton (D:5)
  Ijyb (D:3)
  2 iguanas
  4 worker ants
  A hound skeleton (D:6)
  A worker ant zombie (D:6)
  5 gnolls
  7 adders
  An adder skeleton (D:6)
  A worm (D:2)
  3 dart slugs
  A leopard gecko (D:2)
  18 orcs
  8 bats
  8 giant cockroaches
  7 hobgoblins
  A quokka (D:3)
  8 frilled lizards
  6 goblins
  7 kobolds
  2 quokka skeletons (D:4)
  9 rats
131 creatures vanquished.

Notes
Turn   | Place    | Note
-------+----------+-------------------------------------------
     0 | D:1      | zishaf the Troll Hunter began the quest for the Orb.
     0 | D:1      | Reached XP level 1. HP: 19/19 MP: 0/0
   136 | D:1      | Found a shattered altar of Ashenzari.
   185 | D:1      | Reached XP level 2. HP: 26/28 MP: 1/1
   187 | D:1      | Reached skill level 1 in Unarmed Combat
   834 | D:2      | Reached XP level 3. HP: 27/35 MP: 2/2
   874 | D:2      | HP: 1/35 [gnoll/+0 spear (3)]
   876 | D:2      | Reached skill level 2 in Unarmed Combat
  1043 | D:2      | Noticed a water moccasin
  1066 | D:2      | Killed a water moccasin
  1066 | D:2      | Reached skill level 3 in Unarmed Combat
  1066 | D:2      | Reached XP level 4. HP: 18/44 MP: 3/3
  1066 | D:2      | Reached XP level 5. HP: 21/50 MP: 4/4
  1762 | D:3      | Reached XP level 6. HP: 44/59 MP: 5/5
  1891 | D:3      | Noticed Ijyb
  1911 | D:3      | Killed Ijyb
  2077 | D:3      | Reached skill level 4 in Unarmed Combat
  2082 | D:3      | Found a glowing silver altar of Zin.
  2082 | D:3      | Found a snail-covered altar of Cheibriados.
  2082 | D:3      | Found a radiant altar of Vehumet.
  2104 | D:3      | Found a shimmering altar of Xom.
  2104 | D:3      | Found a hide-covered altar of Uskayaw.
  2374 | D:4      | Found a sparkling altar of Nemelex Xobeh.
  2378 | D:4      | Became a worshipper of Nemelex Xobeh the Trickster
  2387 | D:4      | Received a gift from Nemelex Xobeh
  2930 | D:4      | Reached * piety under Nemelex Xobeh
  3102 | D:5      | Entered Level 5 of the Dungeon
  3222 | D:5      | Learned a level 2 spell: Sticks to Snakes
  3232 | D:5      | Reached XP level 7. HP: 61/67 MP: 6/6
  3262 | D:5      | Found the +5 demon whip "Spellbinder" {antimagic, MR+}
  3283 | D:5      | Reached skill level 1 in Transmutations
  3608 | D:5      | Found a white marble altar of Elyvilon.
  3608 | D:5      | Found a sacrificial altar of Ru.
  3613 | D:5      | Found a faded altar of an unknown god.
  3615 | D:5      | Found an ornate altar of the Wu Jian Council.
  3622 | D:5      | Found a basalt altar of Yredelemnul.
  3762 | D:6      | Reached skill level 5 in Unarmed Combat
  3951 | D:6      | Reached skill level 5 in Throwing
  3951 | D:6      | Reached XP level 8. HP: 73/75 MP: 8/8
  4020 | D:6      | Found Xatipyntic's Antique Weapon Boutique.
  4040 | D:5      | Reached skill level 1 in Spellcasting
  4243 | D:6      | Found a snail-covered altar of Cheibriados.
  4553 | D:6      | Reached skill level 6 in Unarmed Combat
  4748 | D:6      | Received a gift from Nemelex Xobeh
  4755 | D:6      | Reached skill level 1 in Shields
  4847 | D:6      | Hit by a javelin of penetration thrown by a gnoll

Vault maps used:
D:1:      minmay_arrival_loop, nicolae_ashenzari_panopticon
D:2:      first_ration, hangedman_decor_opposing
D:3:      minmay_overflow_temple_star_hex, uniq_ijyb
D:4:      nemelex_xobeh_ov_fountains_minmay
D:5:      chequers_temple_overflow_minitemple
D:6:      minmay_thick_lines, temple_statues, serial_shops, shop,
          cheibriados_altar_1

Skill      XL: |  1  2  3  4  5  6  7  8 |
---------------+-------------------------+-----
Unarmed Combat | 1 3 4 5 6 |  6.4
Fighting       | 2 3 4 |  4.1
Dodging        | 2 3 4 |  4.2
Throwing       | 4 5 |  5.0
Transmutations | 2 3 |  3.1
Spellcasting   | 1 |  1.0
Shields        | 1 |  1.6
Stealth        | |  0.3

Action                   |  1- 3 |  4- 6 |  7- 9 || total
-------------------------+-------+-------+-------++-------
Melee: Unarmed           |   112 |   156 |   204 ||   472
       Punch             |       |     1 |     4 ||     5
Throw: Large rock        |       |       |     1 ||     1
  Use: Potion            |     1 |       |       ||     1
 Stab: Sleeping          |     1 |     1 |     1 ||     3
  Eat: Chunk             |    15 |    18 |    17 ||    50
Armor: Robe              |    31 |    55 |    56 ||   142
Dodge: Dodged            |    64 |    93 |   134 ||   291
Block: Shield            |       |       |    27 ||    27

Table legend:
 A = Non-vault XP
 B = Vault XP
 C = Vault XP percentage of total XP
 D = Non-vault monster count
 E = Vault monster count
 F = Vault count percentage of total count
                 A         B        C        D         E       F
            +---------+---------+-------+---------+---------+-------
      Total |    2275 |     410 |  15.3 |     123 |       8 |   6.1
            +---------+---------+-------+---------+---------+-------
        D:1 |      31 |       0 |   0.0 |      22 |       0 |   0.0
        D:2 |     275 |       0 |   0.0 |      17 |       0 |   0.0
        D:3 |     188 |      36 |  16.1 |      32 |       1 |   3.0
        D:4 |      78 |       0 |   0.0 |       9 |       0 |   0.0
        D:5 |     859 |       0 |   0.0 |      22 |       0 |   0.0
        D:6 |     844 |     374 |  30.7 |      21 |       7 |  25.0
            +---------+---------+-------+---------+---------+-------
